 Dungeon Crawl Stone Soup version 0.28-a0-1382-g92835e5c71 (webtiles) character file.

Game seed: 1739584879426382867

8880 Crownlay the Frost Mage (level 11, -5/81 HPs)
             Began as a Gnoll Ice Elementalist on Jan 1, 2022.
             Was a Believer of Uskayaw.
             Slain by a shadow (16 damage)
             ... on level 9 of the Dungeon.
             The game lasted 00:20:01 (11333 turns).

Crownlay the Frost Mage (Gnoll Ice Elementalist)   Turns: 11333, Time: 00:20:02

Health: -5/81      AC: 14    Str:  7    XL:     11   Next: 37%
Magic:  15/23      EV: 16    Int: 19    God:    Uskayaw [**....]
Gold:   434        SH:  8    Dex: 16    Spells: 14/26 levels left

rFire   . . .      SeeInvis .   G - +1 trident
rCold   . . .      Faith    .   p - +2 buckler
rNeg    . . .      Spirit   .   y - +0 robe {Will+}
rPois   +          Reflect  .   (no helmet)
rElec   +          Harm     .   u - +1 cloak {rPois}
rCorr   .          Rampage  .   (no gloves)
Will    ++...                   (no boots)
Stlth   ++++......              z - amulet of Wuagg {Acrobat rElec Will+ Dex-3}
HPRegen 0.23/turn               D - +6 ring of dexterity
MPRegen 0.18/turn               (no ring)

@: ice-armoured (expiring), freezing walls
A: fangs 1, strong nose, distributed training
a: Renounce Religion, Stomp, Line Pass


You were on level 9 of the Dungeon.
You worshipped Uskayaw.
Uskayaw was noncommittal.
You visited 2 branches of the dungeon, and saw 12 of its levels.

You collected 434 gold pieces.

Inventory:

Hand Weapons
 G - a +1 trident (weapon)
Missiles
 E - 3 throwing nets
Armour
 p - a +2 buckler (worn)
 r - a +3 leather armour of fire resistance
 u - a +1 cloak of poison resistance (worn)
 y - a +0 robe of willpower (worn)
 H - an orb of energy
Magical Staves
 o - a staff of cold
Jewellery
 h - a ring of flight
 z - the amulet of Wuagg (around neck) {Acrobat rElec Will+ Dex-3}
   (You found it on level 6 of the Dungeon)

   [amulet of the acrobat]

   It increases your evasion while moving and waiting.
   Dex:       It affects your dexterity (-3).
   rElec:     It insulates you from electricity.
   Will:      It increases your willpower.
 D - a +6 ring of dexterity (left hand)
Wands
 d - a wand of flame (20)
 q - a wand of mindburst (2)
 C - a wand of digging (4)
 F - a wand of acid (9)
Scrolls
 a - a scroll of blinking {unknown}
 b - a scroll of silence {unknown}
 c - 2 scrolls of teleportation
 e - 2 scrolls of magic mapping
 i - a scroll of holy word {unknown}
 j - a scroll of identify
 l - a scroll of torment {unknown}
 n - a scroll of acquirement {unknown}
 t - a scroll of vulnerability {unknown}
 v - a scroll of noise {unknown}
 x - a scroll of fear {unknown}
Potions
 f - 2 potions of mutation
 g - 9 potions of curing
 k - a potion of might {unknown}
 m - 2 potions of berserk rage
 s - 2 potions of flight
 w - 2 potions of brilliance {unknown}
 A - 2 potions of heal wounds
 B - 5 potions of ambrosia


   Skills:
 + Level 6.2 Fighting
 + Level 6.2 Short Blades
 + Level 6.2 Long Blades
 + Level 6.2 Axes
 + Level 6.2 Maces & Flails
 + Level 6.2 Polearms
 + Level 6.2 Staves
 + Level 6.2 Slings
 + Level 6.2 Bows
 + Level 6.2 Crossbows
 + Level 6.2 Throwing
 + Level 6.2 Armour
 + Level 7.8 Dodging
 + Level 7.6 Stealth
 + Level 6.2 Shields
 + Level 6.2 Unarmed Combat
 + Level 8.1 Spellcasting
 + Level 5.1 Conjurations
 + Level 5.1 Hexes
 + Level 5.1 Summonings
 + Level 5.1 Necromancy
 + Level 5.1 Translocations
 + Level 5.1 Transmutations
 + Level 5.1 Fire Magic
 + Level 8.9 Ice Magic
 + Level 5.1 Air Magic
 + Level 5.1 Earth Magic
 + Level 5.1 Poison Magic
 + Level 6.8 Invocations
 + Level 6.2 Evocations


You had 14 spell levels left.
You knew the following spells:

 Your Spells              Type           Power      Damage    Failure   Level
a - Freeze                Ice            100%       1d11      1%          1
b - Frozen Ramparts       Ice            82%        1d10      1%          3
c - Ozocubu's Armour      Ice            41%        N/A       1%          3
d - Freezing Cloud        Conj/Ice/Air   16%        6-21      19%         5

Your spell library contained the following spells:

 Spells                   Type           Power      Damage    Failure   Level
 Apportation              Tloc           54%        N/A       1%          1
 Sting                    Tmut/Pois      100%       1d8       1%          1
 Poisonous Vapours        Pois/Air       54%        N/A       1%          2
 Ignite Poison            Fire/Tmut/Pois 27%        N/A       3%          3
 Mephitic Cloud           Conj/Pois/Air  27%        N/A       3%          3
 Hailstorm                Conj/Ice       34%        3d9       4%          4
 Airstrike                Air            13%        N/A       11%         4
 Animate Armour           Summ/Erth      54%        N/A       11%         4
 Olgreb's Toxic Radiance  Pois           27%        N/A       11%         4
 Summon Lightning Spire   Summ/Air       27%        N/A       11%         4
 Alistair's Intoxication  Tmut/Pois      18%        N/A       30%         5
 Blade Hands              Tmut           13%        N/A       30%         5
 Lightning Bolt           Conj/Air       13%        1d27      30%         5
 Iron Shot                Conj/Erth      13%        9d3       86%         6


Dungeon Overview and Level Annotations

Branches:
Dungeon (11/15)            Temple (1/1) D:5
   Lair: D:8-11         Orc: D:9-12

Altars:
Cheibriados
Elyvilon
Fedhas
Hepliaklqana
Kikubaaqudgha
Makhleb
Nemelex Xobeh
Okawaru
Qazlal
Ru
Sif Muna
Trog
Uskayaw
Vehumet
Xom
Yredelemnul
Zin
The Shining One

Shops:
D:1 (


Innate Abilities, Weirdness & Mutations

You have very sharp teeth.
Your uncanny sense of smell can sniff out nearby items.
Your experience applies equally to all skills.


Message History

The howler monkey zombie completely resists.
The wall freezes the howler monkey zombie but does no damage.
You block the howler monkey zombie's attack.
Okay, then.
G - a +1 trident (weapon)
The frozen ramparts melt away.
Casting: Frozen Ramparts (safe; 1% risk of failure)
Confirm with . or Enter, or press ? or * to list all spells.
Casting: Frozen Ramparts (safe; 1% risk of failure)
Press: ? - help, Dir - look around, f - activate The walls around you are covered in ice.
The wall freezes something but does no damage.
The shadow strikes at you from the darkness!
The howler monkey zombie resists.
The wall freezes the howler monkey zombie.
The howler monkey zombie completely misses you.
You hit something but do no damage.
The wall freezes something but does no damage.
The shadow strikes at you from the darkness!
* * * LOW HITPOINT WARNING * * *
Reactivating autopickup.
The howler monkey zombie resists.
The wall freezes the howler monkey zombie.
The howler monkey zombie barely misses you.
You are too injured to fight recklessly!
You hit the shadow. You bite the shadow, but do no damage.
The shadow is severely damaged.
The shadow completely resists.
The wall freezes the shadow but does no damage.
The shadow slips into darkness.
The shadow flickers and vanishes!
Deactivating autopickup; reactivate with Ctrl-A.
The howler monkey zombie completely resists.
The wall freezes the howler monkey zombie but does no damage.
The howler monkey zombie closely misses you.
You barely miss something.
Your icy armour starts to melt.
The wall freezes something but does no damage.
The shadow strikes at you from the darkness!
You die...

..######....#....#####...########
............#....#..........#....
............#....#..........#....
###..###...##†.#########....#....
.....#.........#....#..#.........
.....#.........#....#..#.........
.....#.........#....#..#.........
.....#.........#{...#..#....####.
..##############@...#..#.......#.
..# #..Z...............#. ..#
#..#............##### ..#####
#..#....#..#....#.... ...#..# ...
#....####....#.... ...#..#
#....######.......#....
####..#####....#.......#....#....
.......................#....####.
.......................#....#....


You could see a howler monkey zombie.

Vanquished Creatures
  Harold (D:7)
  Joseph (D:9)
  Maggie (D:7)
  A hornet (D:6)
  A queen bee (D:9)
  Sigmund (D:5)
  13 yaks
  2 steam dragons
  An acid dragon (D:9)
  Duvessa (D:5)
  2 water moccasins (D:5)
  2 black bears
  3 orc warriors
  A sky beast (D:8)
  3 necrophages
  3 centaurs
  A phantom (D:5)
  A kobold brigand (D:6)
  2 bullfrogs (D:6)
  2 scorpions (D:4)
  A water moccasin zombie (D:5)
  A wyvern zombie (D:6)
  A gnoll sergeant (D:9)
  Dowan (D:5)
  32 killer bees
  5 wights (D:7)
  A howler monkey (D:5)
  A bullfrog zombie (D:6)
  A crimson imp (D:6)
  A centaur zombie (D:7)
  2 jellies
  3 hounds
  A centaur skeleton (D:7)
  Crazy Yiuf (D:4)
  A gnoll shaman (D:7)
  4 orc priests
  3 bullfrog skeletons
  Ijyb (D:4)
  4 iguanas
  7 orc wizards
  A killer bee zombie (D:6)
  A mummy (D:7)
  8 gnolls
  2 howler monkey zombies (D:7)
  12 adders
  An adder skeleton (D:4)
  A worm (D:3)
  A dart slug (D:4)
  22 orcs
  16 ball pythons
  9 endoplasms
  3 giant cockroaches
  10 goblins
  5 hobgoblins
  3 jackals (D:1)
  4 quokkas
  2 bats
  2 frilled lizards
  3 hobgoblin zombies (D:7)
  A jackal zombie (D:4)
  14 kobolds
  An orc zombie (D:7)
  2 rats (D:3)
  A spectral orc (D:8)
240 creatures vanquished.

Vanquished Creatures (others)
  A wyvern (D:8)
  13 plants (D:11)
14 creatures vanquished.

Grand Total: 254 creatures vanquished

Notes
Turn   | Place    | Note
-------+----------+-------------------------------------------
     0 | D:1      | Crownlay the Gnoll Ice Elementalist began the quest for the
                  | Orb.
     0 | D:1      | Reached XP level 1. HP: 13/13 MP: 6/6
    27 | D:1      | Found Imicuit's Weapon Emporium.
   281 | D:1      | Reached XP level 2. HP: 16/19 MP: 4/7
   608 | D:1      | Reached XP level 3. HP: 18/25 MP: 9/9
   612 | D:1      | Learned a level 3 spell: Frozen Ramparts
   616 | D:1      | Learned a level 3 spell: Ozocubu's Armour
   655 | D:1      | Reached skill level 5 in Spellcasting
  1194 | D:2      | Reached skill level 1 in Invocations
  1410 | D:2      | Reached skill level 1 in Fighting
  1410 | D:2      | Reached skill level 1 in Short Blades
  1410 | D:2      | Reached skill level 1 in Long Blades
  1410 | D:2      | Reached skill level 1 in Axes
  1410 | D:2      | Reached skill level 1 in Maces & Flails
  1410 | D:2      | Reached skill level 1 in Polearms
  1410 | D:2      | Reached skill level 1 in Staves
  1410 | D:2      | Reached skill level 1 in Slings
  1410 | D:2      | Reached skill level 1 in Bows
  1410 | D:2      | Reached skill level 1 in Crossbows
  1410 | D:2      | Reached skill level 1 in Throwing
  1410 | D:2      | Reached skill level 1 in Armour
  1410 | D:2      | Reached skill level 1 in Shields
  1410 | D:2      | Reached skill level 1 in Unarmed Combat
  1410 | D:2      | Reached skill level 1 in Evocations
  1445 | D:2      | Reached XP level 4. HP: 32/32 MP: 9/11
  1641 | D:2      | Reached skill level 1 in Conjurations
  1641 | D:2      | Reached skill level 1 in Hexes
  1641 | D:2      | Reached skill level 1 in Summonings
  1641 | D:2      | Reached skill level 1 in Necromancy
  1641 | D:2      | Reached skill level 1 in Translocations
  1641 | D:2      | Reached skill level 1 in Transmutations
  1641 | D:2      | Reached skill level 1 in Fire Magic
  1641 | D:2      | Reached skill level 1 in Air Magic
  1641 | D:2      | Reached skill level 1 in Earth Magic
  1641 | D:2      | Reached skill level 1 in Poison Magic
  1950 | D:2      | Reached XP level 5. HP: 19/37 MP: 4/12
  2772 | D:3      | Found a blossoming altar of Fedhas.
  3782 | D:4      | Noticed Ijyb
  3801 | D:4      | Killed Ijyb
  3802 | D:4      | Reached XP level 6. HP: 23/44 MP: 6/13
  4086 | D:4      | Reached skill level 5 in Dodging
  4236 | D:4      | Noticed a necrophage
  4250 | D:4      | Killed a necrophage
  4251 | D:4      | Reached XP level 7. HP: 46/50 MP: 6/15
  4330 | D:4      | Found a runed translucent door.
  4331 | D:4      | Noticed Crazy Yiuf
  4341 | D:4      | Killed Crazy Yiuf
  4541 | D:4      | Found a stormy altar of Qazlal.
  4543 | D:4      | Noticed a water elemental
  4544 | D:4      | Noticed an air elemental
  4544 | D:4      | Noticed a fire elemental
  4606 | D:4      | Found a shimmering blue altar of Sif Muna.
  4758 | D:5      | Entered Level 5 of the Dungeon
  4855 | D:5      | Noticed Duvessa
  4856 | D:5      | Noticed Dowan
  4873 | D:5      | Killed Duvessa
  4874 | D:5      | Reached skill level 5 in Stealth
  4883 | D:5      | Killed Dowan
  4887 | D:5      | Reached XP level 8. HP: 13/57 MP: 8/16
  5680 | D:5      | Learned a level 5 spell: Freezing Cloud
  5885 | D:5      | Noticed Sigmund
  5921 | D:5      | Killed Sigmund
  6163 | D:5      | Found a sacrificial altar of Ru.
  6192 | D:5      | Found a staircase to the Ecumenical Temple.
  6201 | Temple   | Entered the Ecumenical Temple
  6277 | Temple   | Became a worshipper of Uskayaw the Reveller
  6339 | D:5      | Reached * piety under Uskayaw
  6341 | D:5      | Reached ** piety under Uskayaw
  6548 | D:5      | Reached *** piety under Uskayaw
  6864 | D:6      | Reached XP level 9. HP: 63/65 MP: 18/18
  6953 | D:6      | Noticed a hornet
  6962 | D:6      | Killed a hornet
  6963 | D:6      | Reached **** piety under Uskayaw
  6966 | D:6      | Reached ***** piety under Uskayaw
  7348 | D:6      | Identified the amulet of Wuagg {Acrobat rElec Will+ Dex-3}
  7531 | D:6      | Found a burning altar of Makhleb.
  7531 | D:6      | Found a radiant altar of Vehumet.
  7774 | D:7      | Reached skill level 5 in Invocations
  7783 | D:7      | Reached ****** piety under Uskayaw
  8152 | D:7      | Noticed Maggie
  8157 | D:7      | Noticed Harold
  8163 | D:7      | Killed Maggie
  8164 | D:7      | Reached XP level 10. HP: 51/73 MP: 9/20
  8165 | D:7      | Reached skill level 5 in Fighting
  8165 | D:7      | Reached skill level 5 in Short Blades
  8165 | D:7      | Reached skill level 5 in Long Blades
  8165 | D:7      | Reached skill level 5 in Axes
  8165 | D:7      | Reached skill level 5 in Maces & Flails
  8165 | D:7      | Reached skill level 5 in Polearms
  8165 | D:7      | Reached skill level 5 in Staves
  8165 | D:7      | Reached skill level 5 in Slings
  8165 | D:7      | Reached skill level 5 in Bows
  8165 | D:7      | Reached skill level 5 in Crossbows
  8165 | D:7      | Reached skill level 5 in Throwing
  8165 | D:7      | Reached skill level 5 in Armour
  8165 | D:7      | Reached skill level 5 in Shields
  8165 | D:7      | Reached skill level 5 in Unarmed Combat
  8165 | D:7      | Reached skill level 5 in Evocations
  8165 | D:7      | Killed Harold
  8383 | D:7      | Found a hazy altar of Hepliaklqana.
  9741 | D:8      | Found a basalt altar of Yredelemnul.
 10111 | D:9      | Reached XP level 11. HP: 41/81 MP: 16/22
 10279 | D:9      | Noticed Joseph
 10288 | D:9      | Killed Joseph
 10796 | D:9      | Reached skill level 5 in Conjurations
 10796 | D:9      | Reached skill level 5 in Hexes
 10796 | D:9      | Reached skill level 5 in Summonings
 10796 | D:9      | Reached skill level 5 in Necromancy
 10796 | D:9      | Reached skill level 5 in Translocations
 10796 | D:9      | Reached skill level 5 in Transmutations
 10796 | D:9      | Reached skill level 5 in Fire Magic
 10796 | D:9      | Reached skill level 5 in Air Magic
 10796 | D:9      | Reached skill level 5 in Earth Magic
 10796 | D:9      | Reached skill level 5 in Poison Magic
 11021 | D:9      | You fall into a shaft and drop 2 floors!
 11096 | D:10     | Entered Level 10 of the Dungeon
 11333 | D:9      | Slain by a shadow

Illustrated notes

Levels and vault maps discovered:
D:1:      lemuel_arrival_river_bridge, layout_basic, serial_shops,
          nicolae_square_shop
D:2:      layout_basic, minmay_snake_closets
D:3:      layout_basic, mainiacjoe_overflow_24_doors, serial_glass,
          glass_columns_a, glass_columns_a
D:4:      layout_rooms, kennysheep_orc_sif_temple,
          nicolae_qazlal_style_of_elements, minmay_box_of_dots,
          uniq_crazy_yiuf_cottage, uniq_ijyb
D:5:      layout_basic, kennysheep_mini, temple_doors_ab, uniq_sigmund,
          uniq_duvessa
D:6:      layout_rooms, grunt_temple_overflow_lords_of_destruction
D:7:      layout_rooms, amcnicky_altar_gilded, minmay_mini_ossuary, uniq_maggie,
          uniq_harold
D:8:      layout_basic, yredelemnul_forgotten_temple_becter,
          nicolae_benzene_ring, chequers_serial_rivers_room_b, st_stairs_14
D:9:      layout_grid_maze, gammafunk_temple_overflow_wave, orc_0_dummy,
          chequers_mini_garden, minmay_shop_mass, minivault_7, uniq_joseph
D:10:     layout_cave_pods, mainiacjoe_overflow_swirl, serial_shops, shop
D:11:     layout_basic, david_lair_shrubbed
Temple:   compressed_dpeg_circular_temple

Skill      XL: |  1  2  3  4  5  6  7  8  9 10 11 |
---------------+----------------------------------+-----
Spellcasting   | 5 6 7 8 |  8.1
Invocations    | 1 2 3 4 5 6 |  6.8
Fighting       | 1 2 3 4 5 6 |  6.2
Short Blades   | 1 2 3 4 5 6 |  6.2
Long Blades    | 1 2 3 4 5 6 |  6.2
Axes           | 1 2 3 4 5 6 |  6.2
Maces & Flails | 1 2 3 4 5 6 |  6.2
Polearms       | 1 2 3 4 5 6 |  6.2
Staves         | 1 2 3 4 5 6 |  6.2
Slings         | 1 2 3 4 5 6 |  6.2
Bows           | 1 2 3 4 5 6 |  6.2
Crossbows      | 1 2 3 4 5 6 |  6.2
Throwing       | 1 2 3 4 5 6 |  6.2
Armour         | 1 2 3 4 5 6 |  6.2
Shields        | 1 2 3 4 5 6 |  6.2
Unarmed Combat | 1 2 3 4 5 6 |  6.2
Evocations     | 1 2 3 4 5 6 |  6.2
Conjurations   | 1 2 3 4 5 |  5.1
Hexes          | 1 2 3 4 5 |  5.1
Summonings     | 1 2 3 4 5 |  5.1
Necromancy     | 1 2 3 4 5 |  5.1
Translocations | 1 2 3 4 5 |  5.1
Transmutations | 1 2 3 4 5 |  5.1
Fire Magic     | 1 2 3 4 5 |  5.1
Air Magic      | 1 2 3 4 5 |  5.1
Earth Magic    | 1 2 3 4 5 |  5.1
Poison Magic   | 1 2 3 4 5 |  5.1
Dodging        | 5 6 7 |  7.8
Stealth        | 5 6 7 |  7.6
Ice Magic      | 8 |  8.9

Action                   |  1- 3 |  4- 6 |  7- 9 | 10-12 || total
-------------------------+-------+-------+-------+-------++-------
Melee: Whip              |     6 |       |       |       ||     6
       Bite              |     3 |     2 |    15 |    19 ||    39
       Short sword       |    24 |    47 |   298 |    55 ||   424
       Flail             |       |       |       |    28 ||    28
       Staff             |       |       |       |    95 ||    95
       Trident           |       |       |       |     3 ||     3
 Cast: Freeze            |    26 |    69 |    32 |    11 ||   138
       Frozen Ramparts   |       |     4 |    21 |    28 ||    53
       Ozocubu's Armour  |       |     2 |    14 |    16 ||    32
       Freezing Cloud    |       |       |     1 |       ||     1
  Use: Potion            |       |       |     1 |     1 ||     2
       Scroll            |       |       |       |     8 ||     8
 Stab: Sleeping          |     1 |     8 |       |     2 ||    11
       Paralysed         |       |       |     7 |    13 ||    20
       Distracted        |       |       |       |     1 ||     1
Armor: Robe              |     4 |    21 |    85 |    46 ||   156
Dodge: Dodged            |    28 |    65 |   186 |   136 ||   415
Block: Buckler           |       |       |   107 |    86 ||   193

Table legend: (Time is in decaauts)
 A = Elapsed time spent in this place.
 B = Non-inter-level travel time spent in this place.
 C = Inter-level travel time spent in this place.
 D = Time resting spent in this place.
 E = Time spent auto-exploring this place.
 F = Levels seen in this place.
 G = Mean time per level.
                   A        B        C        D        E       F      G
               +--------+--------+--------+--------+--------+-----+--------+
         Total |  11300 |  11045 |    255 |    134 |   9111 |  12 |  941.7 |
       Dungeon |  11213 |  10968 |    245 |    134 |   9050 |  11 | 1019.4 |
        Temple |     86 |     76 |     10 |      0 |     61 |   1 |   86.0 |
               +--------+--------+--------+--------+--------+-----+--------+

Top non-repeatable levels by time:
     D:5: 1693 daAuts
     D:4: 1442 daAuts
     D:2: 1397 daAuts
     D:8: 1377 daAuts
     D:1: 1139 daAuts
     D:7: 1082 daAuts
     D:3: 1071 daAuts
     D:9: 951 daAuts
     D:6: 921 daAuts
  Temple: 86 daAuts
    D:11: 74 daAuts
    D:10: 62 daAuts
